[Event "Januariturneringen"]
[Site "?"]
[Date "2009.01.09"]
[Round "1"]
[White "Hjorth, Gunnar"]
[Black "Kärrlander, Gunnar"]
[Result "1-0"]
[ECO "E09"]
[WhiteElo "2251"]
[BlackElo "1917"]
[Annotator "Persson,Per"]
[PlyCount "115"]
[TimeControl "240+2"]

{318MB, Fritz10.ctg} 1. Nf3 d5 2. c4 c6 3. d4 Nf6 4. g3 e6 5. Bg2 Nbd7 6. Nbd2
Be7 7. Qc2 O-O 8. O-O Re8 9. e4 dxe4 10. Nxe4 Nxe4 11. Qxe4 Nf6 12. Qc2 Qa5 13.
Bd2 Qc7 14. Bf4 Qb6 15. h3 c5 16. Be3 Bd7 17. Ne5 Rac8 18. Rfd1 Red8 19. dxc5
Bxc5 20. Bxc5 Rxc5 21. Nxd7 Rxd7 22. Rxd7 Nxd7 23. Rd1 Qc7 24. Qd3 Nf8 25. b3
b6 26. Qd6 Qxd6 27. Rxd6 g5 28. Kf1 Kg7 29. Rd8 Rc7 30. Ke2 Rd7 31. Rxd7 Nxd7
32. Bc6 Ne5 33. Bb5 Kf6 34. Ke3 g4 35. hxg4 Nxg4+ 36. Ke2 Ke7 37. f3 Ne5 38.
Ke3 f6 39. Ke4 Kd6 40. Be8 h6 41. f4 Nc6 42. Bxc6 Kxc6 43. b4 h5 44. Kf3 Kd6
45. Kg2 e5 46. Kf3 Ke6 47. Ke3 Kf5 48. fxe5 Kxe5 49. Kd3 f5 50. Ke3 f4+ 51.
gxf4+ Kf5 52. Kf3 h4 53. c5 bxc5 54. bxc5 Ke6 55. Kg4 Kd5 56. Kxh4 Kxc5 57. Kg5
Kd6 58. Kf6 1-0

[Event "Januariturneringen"]
[Site "?"]
[Date "2009.01.09"]
[Round "1"]
[White "Ahlin, Jim"]
[Black "Wahlström, Arne"]
[Result "0-1"]
[ECO "A45"]
[WhiteElo "1900"]
[BlackElo "2201"]
[Annotator "Persson,Per"]
[PlyCount "118"]
[TimeControl "240+2"]

{318MB, Fritz10.ctg} 1. d4 d5 2. e3 Nf6 3. Nd2 Bf5 4. Bd3 Bg6 5. Ngf3 e6 6. Ne5
Nbd7 7. Qe2 Nxe5 8. dxe5 Nd7 9. f4 Qh4+ 10. g3 Qh3 11. Nf3 Nc5 12. Ng5 Qh5 13.
Bd2 Be7 14. Bxg6 Qxg6 15. Bb4 c6 16. O-O-O h6 17. Nf3 Qg4 18. h3 Qg6 19. Ba5
Ne4 20. Be1 h5 21. Nd2 Bc5 22. Nb3 Bb6 23. Nd4 Bxd4 24. Rxd4 Nxg3 25. Bxg3 Qxg3
26. Rdd1 Qg6 27. Rdg1 Qe4 28. Rh2 g6 29. Rhg2 O-O-O 30. Qd3 Qa4 31. Kb1 Kb8 32.
c3 c5 33. Rc2 Qe4 34. Qe2 a6 35. Qf2 Rd7 36. Kc1 Rhd8 37. Re1 Qa4 38. Kb1 d4
39. exd4 cxd4 40. Re4 Qc6 41. Rxd4 Rxd4 42. cxd4 Qh1+ 43. Rc1 Qe4+ 44. Ka1 Rxd4
45. a3 Qxf4 46. Qc2 Qxe5 47. Qc8+ Ka7 48. Qf8 Rd2 49. Qb4 Qd4 50. Rc4 Rd1+ 51.
Ka2 Qd5 52. a4 Rd4 53. b3 Rxc4 54. bxc4 Qc6 55. Ka3 f5 56. Qc3 Qc5+ 57. Kb3 e5
58. Qg3 f4 59. Qxg6 Qb6+ 0-1

[Event "Januariturneringen"]
[Site "?"]
[Date "2009.01.09"]
[Round "1"]
[White "Åhman, Leif"]
[Black "Gustafsson, Fredrik"]
[Result "1/2-1/2"]
[ECO "B08"]
[WhiteElo "2121"]
[BlackElo "1763"]
[Annotator "Persson,Per"]
[PlyCount "129"]
[TimeControl "240+2"]

{318MB, Fritz10.ctg} 1. e4 d6 2. d4 Nf6 3. Nc3 g6 4. Nf3 Bg7 5. h3 O-O 6. Be3
c6 7. Qd2 Re8 8. a4 a5 9. Be2 Na6 10. O-O Nb4 11. Ne1 e5 12. dxe5 Rxe5 13. Bf3
Re6 14. Nd3 Nxd3 15. Qxd3 Nd7 16. Be2 b6 17. Qd2 Ba6 18. Bxa6 Rxa6 19. f4 Ra8
20. Bd4 Bh6 21. Qf2 Nc5 22. Rac1 Bg7 23. f5 Bxd4 24. Qxd4 Rf6 25. fxg6 Rxf1+
26. Rxf1 hxg6 27. Rd1 Nb7 28. Rf1 Nc5 29. Rf6 Ne6 30. Qf2 Qe7 31. Rf3 Nc5 32.
Re3 Re8 33. Re2 Qe5 34. Kh1 Re6 35. Qe1 Rf6 36. Rf2 Re6 37. Re2 Qf4 38. Rf2 Qg3
39. Qf1 Re7 40. Rf3 Qe5 41. Rf4 Kg7 42. Rg4 Re6 43. Qc1 Rf6 44. Rh4 g5 45. Rg4
Rg6 46. Qd2 f6 47. Qd1 Rh6 48. Qf3 Ne6 49. b3 Nd4 50. Qd3 Ne6 51. Ne2 Nc5 52.
Qf3 Qa1+ 53. Kh2 Qe5+ 54. Kg1 Qa1+ 55. Kf2 Qe5 56. Ng3 Kg6 57. Nf5 Rh7 58. h4
Nxe4+ 59. Rxe4 Qxf5 60. hxg5 Qxf3+ 61. Kxf3 Kxg5 62. Re6 Rd7 63. g4 f5 64. gxf5
Kxf5 65. Re8 1/2-1/2

[Event "Januariturneringen"]
[Site "?"]
[Date "2009.01.09"]
[Round "1"]
[White "Södervall, Ulf"]
[Black "Persson, Per"]
[Result "0-1"]
[ECO "E91"]
[WhiteElo "1715"]
[BlackElo "2013"]
[Annotator "Persson,Per"]
[PlyCount "76"]
[TimeControl "240+2"]

{318MB, Fritz10.ctg} 1. Nf3 Nf6 2. c4 g6 3. Nc3 Bg7 4. e4 d6 5. d4 O-O 6. Be2
Bg4 7. Be3 Nfd7 8. O-O c5 9. d5 Na6 10. Qd2 Re8 11. h3 Bxf3 12. Bxf3 Nc7 13.
Be2 Rb8 14. f4 a6 15. a4 Nb6 16. Ra2 e6 17. a5 Nc8 18. Rb1 exd5 19. exd5 Rxe3
20. Nd1 Re8 21. b4 Bd4+ 22. Kh2 b6 23. axb6 Rxb6 24. b5 axb5 25. cxb5 Nxd5 26.
Bf3 Nxf4 27. g3 Ne6 28. h4 Be5 29. Kg2 Ne7 30. Ne3 Nd4 31. Nc4 Rb8 32. b6 Nxf3
33. Kxf3 Nf5 34. Qd5 Qf6 35. Kg2 Bxg3 36. Ra7 Bxh4 37. Kh3 Qc3+ 38. Kg2 Re2+
0-1

[Event "Januariturneringen"]
[Site "?"]
[Date "2009.01.09"]
[Round "1"]
[White "Eckeskog, Patrik"]
[Black "Fahlberg, Kenneth"]
[Result "1-0"]
[ECO "B73"]
[WhiteElo "1960"]
[BlackElo "1702"]
[Annotator "Persson,Per"]
[PlyCount "132"]
[TimeControl "240+2"]

{318MB, Fritz10.ctg} 1. e4 c5 2. Nf3 d6 3. d4 cxd4 4. Nxd4 Nf6 5. Nc3 g6 6. Be2
Bg7 7. O-O O-O 8. Be3 Nc6 9. h3 a6 10. Qd2 Bd7 11. f4 Qc7 12. g4 Nxd4 13. Bxd4
Bc6 14. Qe3 b5 15. g5 Nd7 16. Bxg7 Kxg7 17. Rac1 Qb6 18. Qxb6 Nxb6 19. Bd3 h6
20. gxh6+ Kxh6 21. Kh2 Nd7 22. Ne2 Nc5 23. Ng3 f6 24. Rce1 Nxd3 25. cxd3 e5 26.
f5 g5 27. Rc1 Rac8 28. Rf2 Bb7 29. Rfc2 Rxc2+ 30. Rxc2 Rc8 31. Rxc8 Bxc8 32.
Kg2 Bb7 33. Kf3 d5 34. Kg4 Kg7 35. Kf3 dxe4+ 36. dxe4 Bc6 37. b4 Kf7 38. Kg4
Kg7 39. Kf3 Kh6 40. Ke3 Kg7 41. Nf1 Kh6 42. Nh2 Bb7 43. Ng4+ Kg7 44. Kf3 Kf7
45. Nf2 Kg7 46. Nd3 Kf7 47. Nc5 Bc8 48. Kg4 Kg7 49. Ne6+ Kf7 50. Nc5 Kg7 51.
Kh5 Kh7 52. a4 bxa4 53. Nxa4 Bd7 54. Nc3 Kg7 55. Nd5 Bb5 56. Kg4 Be2+ 57. Kg3
Bb5 58. Nc7 Bd3 59. Kf3 Bf1 60. Ne6+ Kf7 61. Kg3 Bd3 62. Nc5 Bb5 63. h4 gxh4+
64. Kxh4 Be2 65. Kg3 Bb5 66. Ne6 Bd3 1-0

[Event "Januariturneringen"]
[Site "?"]
[Date "2009.01.09"]
[Round "1"]
[White "Heijdenberg, Ronny"]
[Black "Fuentes, Ruben"]
[Result "0-1"]
[ECO "C26"]
[WhiteElo "1647"]
[BlackElo "1944"]
[Annotator "Persson,Per"]
[PlyCount "42"]
[TimeControl "240+2"]

{318MB, Fritz10.ctg} 1. e4 Nf6 2. Nc3 e5 3. d3 d5 4. exd5 Nxd5 5. Ne4 Be7 6.
Nf3 Nc6 7. Be2 O-O 8. O-O f5 9. Ned2 Qe8 10. Nc4 Bf6 11. Bg5 b5 12. Ncd2 Bxg5
13. Nxg5 Nf4 14. Bf3 h6 15. Bxc6 Qxc6 16. Ngf3 Bb7 17. Kh1 e4 18. dxe4 fxe4 19.
Nd4 Qg6 20. g3 e3+ 21. N2f3 e2 0-1

[Event "Januariturneringen"]
[Site "?"]
[Date "2009.01.10"]
[Round "2"]
[White "Fuentes, Ruben"]
[Black "Hjorth, Gunnar"]
[Result "0-1"]
[ECO "B01"]
[WhiteElo "1944"]
[BlackElo "2251"]
[Annotator "Persson,Per"]
[PlyCount "55"]
[TimeControl "240+2"]

{318MB, Fritz10.ctg} 1. e4 d5 2. exd5 Qxd5 3. Nc3 Qd6 4. Nf3 Nf6 5. h3 a6 6. a4
Nc6 7. Be2 e5 8. O-O h6 9. Re1 Be6 10. b4 e4 11. b5 exf3 12. bxc6 fxe2 13. cxb7
Rb8 14. Qxe2 Qc6 15. Rb1 Rxb7 16. Bb2 Be7 17. d4 Rxb2 18. Rxb2 Qxc3 19. Rb3 Qa5
20. c4 O-O 21. d5 Bd7 22. Ra1 Bc5 23. Qd3 Re8 24. Rab1 Re1+ 25. Kh2 Bxf2 26.
Rb8+ Be8 27. R1b2 Bg1+ 28. Kh1 0-1

[Event "Januariturneringen"]
[Site "?"]
[Date "2009.01.10"]
[Round "2"]
[White "Wahlström, Arne"]
[Black "Eckeskog, Patrik"]
[Result "1-0"]
[ECO "C11"]
[WhiteElo "2201"]
[BlackElo "1960"]
[Annotator "Persson,Per"]
[PlyCount "79"]
[TimeControl "240+2"]

{318MB, Fritz10.ctg} 1. e4 e6 2. d4 d5 3. Nc3 Nf6 4. e5 Nfd7 5. f4 c5 6. Nf3
Nc6 7. Be3 a6 8. Qd2 cxd4 9. Nxd4 Nxd4 10. Bxd4 b5 11. Qf2 Qc7 12. Bd3 Bc5 13.
Bxc5 Qxc5 14. Qxc5 Nxc5 15. Ne2 Bd7 16. Nd4 Nxd3+ 17. cxd3 Rc8 18. Kd2 O-O 19.
Rac1 f6 20. Rxc8 Rxc8 21. Rc1 Rxc1 22. Kxc1 Kf7 23. Kd2 fxe5 24. fxe5 Ke7 25.
Kc3 Kd8 26. Kb4 Kc7 27. Ka5 Kb7 28. Nb3 Bc8 29. Nc5+ Ka7 30. d4 g5 31. g3 b4
32. Kxb4 Kb6 33. a3 g4 34. b3 h6 35. a4 h5 36. Nd3 a5+ 37. Kc3 Kc7 38. Nf4 h4
39. gxh4 Kd7 40. b4 1-0

[Event "Januariturneringen"]
[Site "?"]
[Date "2009.01.10"]
[Round "2"]
[White "Persson, Per"]
[Black "Mathiesen, Daniel"]
[Result "1-0"]
[ECO "B48"]
[WhiteElo "2013"]
[BlackElo "1641"]
[Annotator "Persson,Per"]
[PlyCount "129"]
[TimeControl "240+2"]

{318MB, Fritz10.ctg} 1. e4 c5 2. Nf3 e6 3. d4 cxd4 4. Nxd4 Nc6 5. Nc3 Qc7 6.
Be3 a6 7. Bd3 Nf6 8. Nxc6 Qxc6 9. Qe2 Bb4 10. Bd2 d6 11. O-O Bc5 12. Rad1 O-O
13. Be3 b5 14. f3 Bb7 15. Kh1 Rac8 16. Nb1 Nd7 17. Bf4 Ne5 18. Nd2 Nxd3 19.
Qxd3 Rfd8 20. Nb3 d5 21. e5 Be7 22. c3 b4 23. cxb4 Bxb4 24. Rc1 Qa4 25. Bg5 Re8
26. a3 Bf8 27. Be3 Bc6 28. Nd4 Bb5 29. Nxb5 Qxb5 30. Qxb5 axb5 31. Kg1 Red8 32.
Bb6 Re8 33. Kf2 Rc4 34. Rxc4 dxc4 35. Ke3 Rc8 36. Ba5 h6 37. Rd1 Bc5+ 38. Ke4
c3 39. Bxc3 Bxa3 40. Ra1 Rc4+ 41. Kd3 Bb4 42. Rc1 Rc5 43. f4 Bxc3 44. Rxc3 Rd5+
45. Ke3 Kh7 46. b4 Kg6 47. Rc5 Kf5 48. Rxd5 exd5 49. Kd4 Kxf4 50. Kxd5 Kf5 51.
Kc5 Kxe5 52. Kxb5 f5 53. Kc5 f4 54. b5 g5 55. b6 g4 56. b7 f3 57. b8=Q+ Ke4 58.
Qf8 Ke3 59. Qxh6+ Kf2 60. gxf3 gxf3 61. Qf4 Ke2 62. h4 f2 63. h5 f1=Q 64. Qxf1+
Kxf1 65. h6 1-0

[Event "Januariturneringen"]
[Site "?"]
[Date "2009.01.10"]
[Round "2"]
[White "Kärrlander, Gunnar"]
[Black "Åhman, Leif"]
[Result "1/2-1/2"]
[ECO "B19"]
[WhiteElo "1917"]
[BlackElo "2121"]
[Annotator "Persson,Per"]
[PlyCount "62"]
[TimeControl "240+2"]

{318MB, Fritz10.ctg} 1. e4 c6 2. d4 d5 3. Nc3 dxe4 4. Nxe4 Bf5 5. Ng3 Bg6 6.
Nf3 Nd7 7. h4 h6 8. h5 Bh7 9. Bd3 Bxd3 10. Qxd3 e6 11. Bf4 Qa5+ 12. Bd2 Qc7 13.
O-O-O Ngf6 14. Ne4 Nxe4 15. Qxe4 Nf6 16. Qe2 O-O-O 17. Kb1 Kb8 18. g3 Bd6 19.
c4 c5 20. dxc5 Qxc5 21. Be3 Qf5+ 22. Ka1 e5 23. c5 Bc7 24. c6 Rxd1+ 25. Rxd1 b6
26. Qa6 Qc8 27. Qc4 Rd8 28. Rc1 Rd5 29. Nd2 Qg4 30. Qa6 Qc8 31. Qc4 Qg4 1/2-1/2

[Event "Januariturneringen"]
[Site "?"]
[Date "2009.01.10"]
[Round "2"]
[White "Gustafsson, Fredrik"]
[Black "Ahlin, Jim"]
[Result "1/2-1/2"]
[ECO "B01"]
[WhiteElo "1763"]
[BlackElo "1900"]
[Annotator "Persson,Per"]
[PlyCount "79"]
[TimeControl "240+2"]

{318MB, Fritz10.ctg} 1. e4 d5 2. exd5 Nf6 3. c4 c6 4. dxc6 Nxc6 5. Nf3 e5 6. d3
Bc5 7. h3 O-O 8. Be2 h6 9. O-O Bf5 10. a3 a5 11. b3 Qe7 12. Nc3 Rfd8 13. Qc2
Nd4 14. Nxd4 Bxd4 15. Bb2 Qe6 16. Kh2 Rd7 17. Rad1 Rad8 18. f3 h5 19. Ne4 h4
20. Bc1 Nh5 21. Bg5 f6 22. Bxh4 Be3 23. g4 Bxe4 24. fxe4 Nf4 25. Bf2 Bd4 26.
Bxd4 Rxd4 27. Rf3 g5 28. Bf1 Kg7 29. b4 Qe8 30. c5 Qd7 31. Rc1 axb4 32. axb4
Rxb4 33. c6 bxc6 34. Qxc6 Rb2+ 35. Kg3 Qd4 36. Qc5 Qa4 37. Qe7+ Kg6 38. Qxd8
Qa2 39. Qe8+ Kh6 40. Qf8+ 1/2-1/2

[Event "Januariturneringen"]
[Site "?"]
[Date "2009.01.10"]
[Round "2"]
[White "Fahlberg, Kenneth"]
[Black "Södervall, Ulf"]
[Result "1/2-1/2"]
[ECO "D38"]
[WhiteElo "1702"]
[BlackElo "1715"]
[Annotator "Persson,Per"]
[PlyCount "62"]
[TimeControl "240+2"]

{318MB, Fritz10.ctg} 1. d4 Nf6 2. c4 e6 3. Nc3 Bb4 4. Bg5 O-O 5. Nf3 d5 6. e3
c5 7. cxd5 cxd4 8. exd4 exd5 9. Be2 Be6 10. O-O Nbd7 11. Ne5 Be7 12. Nxd7 Nxd7
13. Bxe7 Qxe7 14. Re1 Qg5 15. Bf3 Rac8 16. Rc1 Rfd8 17. b3 a6 18. a4 Rc6 19.
Ne2 Rdc8 20. Rxc6 Rxc6 21. g3 h5 22. h4 Qf5 23. Nf4 g6 24. Qb1 Qxb1 25. Rxb1
Nf6 26. Re1 b5 27. axb5 axb5 28. Re5 Nd7 29. Re3 Nf6 30. Re5 Nd7 31. Re3 Nf6
1/2-1/2

[Event "Januariturneringen"]
[Site "?"]
[Date "2009.01.10"]
[Round "3"]
[White "Hjorth, Gunnar"]
[Black "Wahlström, Arne"]
[Result "1/2-1/2"]
[ECO "D12"]
[WhiteElo "2251"]
[BlackElo "2201"]
[Annotator "Persson,Per"]
[PlyCount "49"]
[TimeControl "240+2"]

{318MB, Fritz10.ctg} 1. d4 d5 2. Nf3 Nf6 3. e3 Bf5 4. c4 c6 5. cxd5 cxd5 6. Qb3
Qb6 7. Qxb6 axb6 8. Nc3 Bd7 9. Ne5 e6 10. Bd3 Be7 11. Bd2 O-O 12. f4 Rc8 13.
Ke2 Be8 14. Rag1 Nc6 15. g4 Nd7 16. g5 Ndxe5 17. fxe5 Na5 18. e4 dxe4 19. Bxe4
Bc6 20. d5 exd5 21. Bxd5 Bxd5 22. Nxd5 Bc5 23. b4 Bxg1 24. Rxg1 Rc2 25. Ne3
1/2-1/2

[Event "Januariturneringen"]
[Site "?"]
[Date "2009.01.10"]
[Round "3"]
[White "Åhman, Leif"]
[Black "Persson, Per"]
[Result "1/2-1/2"]
[ECO "C78"]
[WhiteElo "2121"]
[BlackElo "2013"]
[Annotator "Persson,Per"]
[PlyCount "67"]
[TimeControl "240+2"]

{318MB, Fritz10.ctg} 1. e4 e5 2. Nf3 Nc6 3. Bb5 a6 4. Ba4 Nf6 5. O-O b5 6. Bb3
Bb7 7. d4 Nxd4 8. Bxf7+ Kxf7 9. Nxe5+ Kg8 10. Qxd4 d6 11. Nf3 Nxe4 12. Nc3 d5
13. Nxe4 dxe4 14. Qxd8 Rxd8 15. Ng5 Re8 16. Bf4 Bd6 17. Nh3 Kf7 18. Bxd6 cxd6
19. Rad1 Rd8 20. Nf4 Rhe8 21. Ne2 Re5 22. Nd4 Rc8 23. c3 Bd5 24. Rfe1 Rce8 25.
Re3 Bb7 26. Nb3 R8e6 27. Rd4 Bd5 28. Na5 Ba8 29. a4 bxa4 30. Nc4 Rd5 31. Nb6
Rxd4 32. cxd4 Bb7 33. Nxa4 Bc6 34. Nc3 1/2-1/2

[Event "Januariturneringen"]
[Site "?"]
[Date "2009.01.10"]
[Round "3"]
[White "Eckeskog, Patrik"]
[Black "Heijdenberg, Ronny"]
[Result "1-0"]
[ECO "A03"]
[WhiteElo "1960"]
[BlackElo "1647"]
[Annotator "Persson,Per"]
[PlyCount "134"]
[TimeControl "240+2"]

{318MB, Fritz10.ctg} 1. f4 d5 2. e3 Nf6 3. Nf3 e6 4. b3 g6 5. Bb2 Bg7 6. Be2
O-O 7. Ne5 Nbd7 8. O-O Nxe5 9. Bxe5 b6 10. d3 c5 11. c4 Bb7 12. Qe1 Ne8 13.
Bxg7 Nxg7 14. g4 f5 15. Bf3 fxg4 16. Bxg4 Nf5 17. Bf3 Qd7 18. Na3 Rae8 19. Rd1
e5 20. cxd5 exf4 21. e4 Ne3 22. Qh4 Nxf1 23. Rxf1 Qg7 24. Nc4 g5 25. Qh3 Rf6
26. Bg4 Rh6 27. Qf3 Qd4+ 28. Kg2 Ba6 29. d6 Rxd6 30. Nxd6 Qxd6 31. Rd1 Bb7 32.
Bf5 Rf8 33. Qh3 h6 34. Kf1 Rf6 35. Qh5 Qf8 36. d4 cxd4 37. Rxd4 Bc6 38. h4 Be8
39. Qg4 Bb5+ 40. Kg2 Qg7 41. Rd8+ Rf8 42. Be6+ Kh8 43. Rxf8+ Qxf8 44. hxg5 Qg7
45. Qxf4 Qxg5+ 46. Qxg5 hxg5 47. Kf3 Kg7 48. e5 Bd3 49. Ke3 Bb1 50. b4 Kg6 51.
Kd4 g4 52. Ke3 Kg5 53. a3 g3 54. Bd5 Kf5 55. Kd4 Ba2 56. Bg2 Ke6 57. Bh3+ Ke7
58. Ke4 Bb1+ 59. Kf4 a5 60. bxa5 bxa5 61. Kxg3 Ba2 62. Kf4 Kd8 63. Ke4 Kc7 64.
Kd4 Kc6 65. Bg2+ Kb5 66. Bd5 Bb1 67. Bb3 Bf5 1-0

[Event "Januariturneringen"]
[Site "?"]
[Date "2009.01.10"]
[Round "3"]
[White "Mathiesen, Daniel"]
[Black "Gustafsson, Fredrik"]
[Result "1-0"]
[ECO "B07"]
[WhiteElo "1641"]
[BlackElo "1763"]
[Annotator "Persson,Per"]
[PlyCount "45"]
[TimeControl "240+2"]

{318MB, Fritz10.ctg} 1. e4 g6 2. d4 Bg7 3. Nc3 d6 4. Be3 Nf6 5. Qd2 O-O 6.
O-O-O c6 7. Bh6 b5 8. f3 b4 9. Nce2 Qa5 10. Kb1 Ba6 11. h4 Bc4 12. Nc1 Qb5 13.
Bxc4 Qxc4 14. h5 Bxh6 15. Qxh6 Nbd7 16. g4 Rfe8 17. b3 Qb5 18. Nge2 a5 19. Ng3
a4 20. g5 axb3 21. cxb3 Nf8 22. gxf6 exf6 23. Nf5 1-0

[Event "Januariturneringen"]
[Site "?"]
[Date "2009.01.10"]
[Round "3"]
[White "Södervall, Ulf"]
[Black "Fuentes, Ruben"]
[Result "1/2-1/2"]
[ECO "A17"]
[WhiteElo "1715"]
[BlackElo "1944"]
[Annotator "Persson,Per"]
[PlyCount "108"]
[TimeControl "240+2"]

{318MB, Fritz10.ctg} 1. Nf3 Nf6 2. c4 e6 3. Nc3 Bb4 4. Qc2 Bxc3 5. Qxc3 O-O 6.
g3 b6 7. Bg2 Bb7 8. O-O d6 9. Re1 Nbd7 10. d3 a5 11. e4 Ra7 12. Nh4 Nc5 13. f4
Qd7 14. b3 b5 15. Bb2 Rb8 16. Qc2 bxc4 17. dxc4 a4 18. b4 Ncxe4 19. Bxf6 Nxf6
20. Bxb7 Raxb7 21. a3 Qc6 22. Qe2 h5 23. Rac1 Re8 24. Nf3 Qb6+ 25. Kg2 Rbb8 26.
h3 Qb7 27. Kh2 Re7 28. Nd4 Rbe8 29. b5 Qb6 30. Nc6 Rd7 31. Qc2 Qc5 32. Nb4 Rdd8
33. Re2 e5 34. Rce1 exf4 35. Rxe8+ Rxe8 36. Rxe8+ Nxe8 37. gxf4 Qe3 38. Nd5 Qf3
39. Qc1 Qf2+ 40. Kh1 Qf3+ 41. Kh2 Nf6 42. Qe3 Qxe3 43. Nxe3 Kf8 44. Kg2 Ke8 45.
Kf3 Kd7 46. Nd1 d5 47. Nc3 dxc4 48. Ke3 c6 49. bxc6+ Kxc6 50. Kd4 h4 51. Kxc4
g6 52. Kd4 Nh5 53. Ke4 f6 54. Nxa4 g5 1/2-1/2

[Event "Januariturneringen"]
[Site "?"]
[Date "2009.01.10"]
[Round "3"]
[White "Ahlin, Jim"]
[Black "Kärrlander, Gunnar"]
[Result "0-1"]
[ECO "A45"]
[WhiteElo "1900"]
[BlackElo "1917"]
[Annotator "Persson,Per"]
[PlyCount "58"]
[TimeControl "240+2"]

{318MB, Fritz10.ctg} 1. d4 d5 2. e3 Nf6 3. Nd2 Bf5 4. Bd3 e6 5. Ne2 Bxd3 6.
cxd3 Be7 7. b4 O-O 8. Rb1 Nbd7 9. Nf3 c6 10. Bd2 Bd6 11. Bc3 Qc7 12. Ng3 Rae8
13. Qc2 g6 14. Qb2 Ng4 15. Rc1 f5 16. b5 f4 17. exf4 Bxf4 18. Rc2 e5 19. Re2
exd4 20. Bxd4 Nge5 21. Nxe5 Nxe5 22. Bxe5 Rxe5 23. d4 Qa5+ 24. Kf1 Rxe2 25.
Nxe2 Qc7 26. Nxf4 Qxf4 27. bxc6 bxc6 28. h4 Rb8 29. Qc2 Qxd4 0-1

[Event "Januariturneringen"]
[Site "?"]
[Date "2009.01.11"]
[Round "4"]
[White "Persson, Per"]
[Black "Hjorth, Gunnar"]
[Result "0-1"]
[ECO "B06"]
[WhiteElo "2013"]
[BlackElo "2251"]
[Annotator "Persson,Per"]
[PlyCount "68"]
[TimeControl "240+2"]

{318MB, Fritz10.ctg} 1. e4 g6 2. d4 Bg7 3. Nc3 d6 4. Be3 a6 5. Qd2 Nd7 6. g3 b5
7. Bg2 Bb7 8. Nge2 c5 9. O-O Rc8 10. Rad1 Qa5 11. dxc5 Nxc5 12. a3 Qc7 13. Bd4
Nf6 14. Nd5 Bxd5 15. exd5 O-O 16. Nc3 Rb8 17. Qe2 Rfe8 18. Rfe1 Qc8 19. b4 Ncd7
20. Ne4 Nxe4 21. Qxe4 Bxd4 22. Rxd4 Ne5 23. Bf1 Qc3 24. Re3 Qa1 25. Kg2 Rbc8
26. c4 bxc4 27. Bxc4 Rc7 28. Bxa6 Rc1 29. Rd2 Rh1 30. Kh3 f5 31. Qd4 Ng4 32.
Kh4 h6 33. h3 Rxh3+ 34. Kxh3 Qh1# 0-1

[Event "Januariturneringen"]
[Site "?"]
[Date "2009.01.11"]
[Round "4"]
[White "Wahlström, Arne"]
[Black "Mathiesen, Daniel"]
[Result "1-0"]
[ECO "B00"]
[WhiteElo "2201"]
[BlackElo "1641"]
[Annotator "Persson,Per"]
[PlyCount "61"]
[TimeControl "240+2"]

{318MB, Fritz10.ctg} 1. e4 e6 2. d4 b6 3. Nc3 Bb7 4. Nf3 Bb4 5. Bd3 Nf6 6. Qe2
d6 7. O-O Bxc3 8. bxc3 Nbd7 9. Re1 c5 10. Bf4 Qe7 11. e5 dxe5 12. dxe5 Nd5 13.
Bg5 f6 14. exf6 gxf6 15. Bd2 O-O-O 16. Qxe6 Qg7 17. Qh3 Rhg8 18. Bf5 Qf8 19. c4
Ne7 20. Be6 Rg6 21. Bf4 Qg7 22. Nh4 f5 23. Nxg6 hxg6 24. Qg3 Nc6 25. Rad1 Nd4
26. Be5 Qe7 27. Bxd4 cxd4 28. Qxg6 Qb4 29. Qxf5 Qd6 30. c3 Qc6 31. f3 1-0

[Event "Januariturneringen"]
[Site "?"]
[Date "2009.01.11"]
[Round "4"]
[White "Fuentes, Ruben"]
[Black "Eckeskog, Patrik"]
[Result "1-0"]
[ECO "C11"]
[WhiteElo "1944"]
[BlackElo "1960"]
[Annotator "Persson,Per"]
[PlyCount "80"]
[TimeControl "240+2"]

{318MB, Fritz10.ctg} 1. e4 e6 2. d4 d5 3. Nc3 Nf6 4. e5 Nfd7 5. Nf3 a6 6. Be3
c5 7. dxc5 Bxc5 8. Bxc5 Nxc5 9. Qd4 Qe7 10. Bd3 Nc6 11. Qg4 g6 12. O-O-O Bd7
13. h4 h5 14. Qf4 O-O-O 15. Be2 Rdf8 16. Kb1 f6 17. exf6 Rxf6 18. Qg5 Qg7 19.
Qe3 Qf8 20. a3 Rf4 21. g3 Rg4 22. Ne5 d4 23. Nxd7 dxe3 24. Nxf8 Rxf8 25. Bxg4
hxg4 26. fxe3 Rf3 27. e4 Ne5 28. h5 gxh5 29. Rxh5 Ncd7 30. Ne2 Nc4 31. Nf4 e5
32. Rh8+ Kc7 33. Ne6+ Kb6 34. Rxd7 Rxg3 35. Rhh7 Ka5 36. Rxb7 Rg1+ 37. Ka2 Nxb2
38. Rxb2 g3 39. Nd8 Ra1+ 40. Kxa1 g2 1-0

[Event "Januariturneringen"]
[Site "?"]
[Date "2009.01.11"]
[Round "4"]
[White "Kärrlander, Gunnar"]
[Black "Fahlberg, Kenneth"]
[Result "1-0"]
[ECO "B78"]
[WhiteElo "1917"]
[BlackElo "1702"]
[Annotator "Persson,Per"]
[PlyCount "63"]
[TimeControl "240+2"]

{318MB, Fritz10.ctg} 1. e4 c5 2. Nf3 d6 3. d4 cxd4 4. Nxd4 Nf6 5. Nc3 g6 6. Be3
Bg7 7. f3 O-O 8. Qd2 Nc6 9. Bc4 a6 10. O-O-O Bd7 11. Bb3 Rc8 12. h4 Na5 13. Kb1
Nxb3 14. axb3 b5 15. h5 b4 16. Nce2 Qc7 17. hxg6 fxg6 18. Nf4 Rf7 19. Nfe6 Bxe6
20. Nxe6 Qc6 21. Nxg7 Rxg7 22. Rc1 a5 23. c3 Qb5 24. cxb4 Rxc1+ 25. Rxc1 axb4
26. Bh6 Rf7 27. Rc8+ Ne8 28. Qxb4 Qd3+ 29. Kc1 Qf1+ 30. Kc2 Qxg2+ 31. Qd2 Qxd2+
32. Kxd2 1-0

[Event "Januariturneringen"]
[Site "?"]
[Date "2009.01.11"]
[Round "4"]
[White "Heijdenberg, Ronny"]
[Black "Åhman, Leif"]
[Result "1-0"]
[ECO "B52"]
[WhiteElo "1647"]
[BlackElo "2121"]
[Annotator "Persson,Per"]
[PlyCount "119"]
[TimeControl "240+2"]

{318MB, Fritz10.ctg} 1. e4 c5 2. Nf3 d6 3. Bb5+ Bd7 4. Bxd7+ Qxd7 5. O-O Nc6 6.
Nc3 g6 7. d3 Bg7 8. Bf4 a6 9. Nd5 Qd8 10. c3 e6 11. Ne3 Nge7 12. Ng5 O-O 13. h4
h6 14. Nf3 e5 15. Bg3 Kh8 16. Nd2 f5 17. f4 b5 18. h5 exf4 19. Bxf4 g5 20. Bxg5
hxg5 21. exf5 d5 22. Qg4 Ng8 23. Nf3 Ne5 24. Nxe5 Bxe5 25. Qf3 Nf6 26. Rae1 d4
27. Nd5 Qxd5 28. Qxd5 Nxd5 29. Rxe5 Nf4 30. Rxc5 Nxd3 31. Rc6 dxc3 32. Rh6+ Kg7
33. Rg6+ Kh7 34. bxc3 Nf4 35. Rxg5 Ne2+ 36. Kh2 Nxc3 37. Re1 Rae8 38. Rc1 Re3
39. Rf1 a5 40. f6 Rf7 41. a3 b4 42. axb4 axb4 43. Rgf5 Ne4 44. R1f4 b3 45. g4
Kh6 46. Rb5 Ng5 47. Rb8 Kh7 48. Rf5 Rd7 49. Rf2 Ne4 50. f7 Rxf7 51. Rxf7+ Kh6
52. Rg8 Re2+ 53. Kg1 Re1+ 54. Kg2 Re2+ 55. Kf1 Ng3+ 56. Kg1 Re1+ 57. Kf2 Rf1+
58. Kxg3 Rxf7 59. Rb8 Rd7 60. Rxb3 1-0

[Event "Januariturneringen"]
[Site "?"]
[Date "2009.01.11"]
[Round "4"]
[White "Gustavsson, Fredrik"]
[Black "Södervall, Ulf"]
[Result "1/2-1/2"]
[ECO "B10"]
[WhiteElo "1763"]
[BlackElo "1715"]
[Annotator "Persson,Per"]
[PlyCount "137"]
[TimeControl "240+2"]

{318MB, Fritz10.ctg} 1. e4 c6 2. Nf3 d5 3. exd5 cxd5 4. Bb5+ Bd7 5. Qe2 Bxb5 6.
Qxb5+ Qd7 7. Qe2 Nc6 8. d4 e6 9. O-O Nf6 10. Bg5 Be7 11. Nbd2 h6 12. Bf4 O-O
13. c3 Rfe8 14. Kh1 Nh5 15. Be5 f6 16. Bg3 Nxg3+ 17. hxg3 Bd6 18. Qd3 Rac8 19.
Kh2 Bb8 20. Rh1 e5 21. Qg6 Qf7 22. Qf5 e4 23. Ng1 Ne7 24. Qh3 Rc6 25. Ne2 Ng6
26. Nf1 f5 27. Kg1 f4 28. gxf4 Nxf4 29. Nxf4 Qxf4 30. Ne3 Rf8 31. Rf1 Qg5 32.
Qh5 Rg6 33. Rh3 Rf5 34. Qh4 Bf4 35. Qxg5 Rfxg5 36. Re1 Bxe3 37. Rexe3 Rxg2+ 38.
Kf1 Rg1+ 39. Ke2 Rb1 40. Rhg3 Rxb2+ 41. Kf1 Rxg3 42. Rxg3 g5 43. f4 exf3 44.
Rxf3 Rxa2 45. Rf5 Ra5 46. c4 Ra1+ 47. Ke2 dxc4 48. Rc5 Ra4 49. d5 Ra6 50. Ke3
Kf7 51. Kd4 Ra4 52. Ke5 Ra1 53. Kd6 g4 54. Rxc4 Ra6+ 55. Kd7 h5 56. d6 Kg6 57.
Ke7 Rxd6 58. Kxd6 Kg5 59. Ke5 b5 60. Rb4 a6 61. Ke4 h4 62. Ke3 Kf5 63. Rf4+ Kg5
64. Rd4 h3 65. Rd5+ Kh4 66. Kf4 h2 67. Rd8 Kh3 68. Rd3+ Kh4 69. Rd8 1/2-1/2

[Event "Januariturneringen"]
[Site "?"]
[Date "2009.01.11"]
[Round "5"]
[White "Hjorth, Gunnar"]
[Black "Eckeskog, Patrik"]
[Result "1-0"]
[ECO "E65"]
[WhiteElo "2251"]
[BlackElo "1960"]
[Annotator "Persson,Per"]
[PlyCount "31"]
[TimeControl "240+2"]

{318MB, Fritz10.ctg} 1. Nf3 Nf6 2. c4 g6 3. g3 Bg7 4. Bg2 d6 5. d4 c5 6. Nc3
cxd4 7. Nxd4 O-O 8. O-O a6 9. b3 Qc7 10. Bb2 Nc6 11. Rc1 Nxd4 12. Qxd4 Ng4 13.
Qxg7+ Kxg7 14. Nd5+ Kg8 15. Nxc7 Rb8 16. Nd5 1-0